 Dungeon Crawl Stone Soup version 0.18.1-48-g4cf74bf (webtiles) character file.

880 Heedrag the Destroyer (level 7, 0/36 HPs)
             Began as a Deep Elf Conjurer on Aug 7, 2016.
             Slain by a sky beast (6 damage)
             ... on level 6 of the Dungeon.
             The game lasted 00:13:58 (4767 turns).

Heedrag the Destroyer (Deep Elf Conjurer)           Turns: 4767, Time: 00:13:58

Health: 0/36       AC:  3    Str:  5    XL:     7   Next: 75%
Magic:  4/19       EV: 13    Int: 20    God:
Gold:   269        SH:  0    Dex: 15    Spells: 4 memorised, 6 levels left

rFire  . . .     SeeInvis .     y - +0 dagger (venom)
rCold  . . .     Gourm    .     a - +0 robe
rNeg   . . .     Faith    .     (no shield)
rPois  +         Spirit   .     t - +0 helmet
rElec  .         Dismiss  .     (no cloak)
rCorr  .         Reflect  .     (no gloves)
SustAt .         Harm     .     (no boots)
MR     +....                    (no amulet)
Stlth  ++........               g - ring of poison resistance
                                K - ring of protection from magic

@: somewhat resistant to hostile enchantments, unstealthy
A: blurry vision 1, regeneration 1, weak 1
a: no special abilities


You were on level 6 of the Dungeon.
You were hungry.

You visited 2 branches of the dungeon, and saw 7 of its levels.

You collected 269 gold pieces.

Inventory:

Hand Weapons
 f - a +2 hand axe of chopping
 i - a +1 mace of draining
 n - a +2 short sword of holy wrath
 y - a +0 dagger of venom (weapon)
Armour
 a - a +0 robe (worn)
 t - a +0 helmet (worn)
 G - a +0 buckler
Magical Staves
 C - an uncursed staff of earth
Jewellery
 d - an uncursed ring of sustain attributes
 g - a ring of poison resistance (right hand)
 s - a +4 ring of strength
 I - an uncursed ring of loudness
 J - an uncursed amulet of inaccuracy
 K - a ring of protection from magic (left hand)
Wands
 B - a wand of acid (5/15)
 E - a wand of teleportation (3/9)
Scrolls
 e - 5 scrolls of teleportation {unknown}
 h - a scroll of enchant weapon {unknown}
 k - a scroll of fear {unknown}
 m - a scroll of remove curse
 p - 2 scrolls of random uselessness
 v - a scroll of identify {unknown}
 A - a scroll of blinking {unknown}
Potions
 j - 2 potions of curing {unknown}
 o - a potion of might
 r - 4 potions of lignification {unknown}
 u - a potion of heal wounds {unknown}
 w - a potion of degeneration {unknown}
 x - 2 potions of mutation {unknown}
 F - a potion of cancellation {unknown}
 H - a potion of ambrosia {unknown}
Books
 b - a book of Conjurations

   Spells                             Type                      Level
   a - Magic Dart                     Conjuration                  1
   b - Searing Ray                    Conjuration                  2
   c - Dazzling Spray                 Conjuration/Hexes            3
   d - Fulminant Prism                Conjuration/Hexes            4
   e - Iskenderun's Mystic Blast      Conjuration                  4
   f - Iskenderun's Battlesphere      Conjuration/Charms           5
 M - a Fen Folio

   Spells                             Type                      Level
   a - Corpse Rot                     Necromancy                   2
   b - Stone Arrow                    Conjuration/Earth            3
   c - Leda's Liquefaction            Hexes/Earth                  4
   d - Summon Forest                  Summoning/Translocation      5
   e - Hydra Form                     Transmutation                6
   f - Summon Hydra                   Summoning                    7
Comestibles
 c - 3 bread rations
 l - 2 royal jellies
 q - 3 meat rations
 z - a beef jerky
 D - a slice of pizza
 L - 5 chunks of flesh


   Skills:
 - Level 2.4 Dodging
 - Level 2.4 Stealth
 + Level 6.8 Spellcasting
 * Level 8.4 Conjurations
 + Level 4.8 Charms


You had 6 spell levels left.
You knew the following spells:

 Your Spells              Type           Power        Failure   Level  Hunger
a - Magic Dart            Conj           ####         1%          1    None
b - Dazzling Spray        Conj/Hex       ###...       8%          3    #......
c - Iskenderun's Mystic   Conj           #####...     3%          4    ###....
d - Iskenderun's Battles  Conj/Chrm      ####....     21%         5    #####..


Dungeon Overview and Level Annotations

Branches:
Dungeon (6/15)             Temple (1/1) D:4

Altars:
Cheibriados
Dithmenos
Elyvilon
Fedhas
Gozag
Kikubaaqudgha
Makhleb
Nemelex Xobeh
Okawaru
Pakellas
Qazlal
Ru
Sif Muna
Xom
Yredelemnul
Zin
The Shining One

Annotations:
D:4 Pikel
D:5 Blork the orc


Innate Abilities, Weirdness & Mutations

Scrolls take you a little longer to read.
Your natural rate of healing is unusually fast.
You are weak. (Str -2)


Message History

Ye hit tha sky beast but do nay damage.
Tha sky beast be lightly wounded.
Tha sky beast hits ye.
Tha sky beast shocks ye.
* * * LOW HITPOINT WARNIN'
* * * Ye closely miss tha sky beast.
Tha sky beast be moderately wounded.
Tha sky beast hits ye but does nay damage.
Ye completely miss tha sky beast.
Tha sky beast be moderately wounded.
Tha sky beast hits ye but does nay damage.
Tha iguana closely misses ye.
Ye closely miss tha sky beast.
Tha sky beast be moderately wounded.
Tha sky beast flickers outta sight!
Deactivatin' autopickup; reactivate wit' Ctrl-A.
Somethin' hits ye but does nay damage.
Tha iguana barely misses ye.
Ye hit somethin'.
Somethin' hits ye.
* * * LOW HITPOINT WARNIN'
* * * Somethin' shocks ye.
Ye die...

..... ..# ##.....## #
#...##<###.......# #
#....#.##.........####
#.......'.........+...
#....#.##.........##.#
#.# #.###.......###.#
# #.# ##.....## #
#.#.##l# ##...##
#...{@.# #+## ###.####
#


You could see an iguana.

Vanquished Creatures
  2 slaves
  A sky beast (D:6)
  A crimson imp (D:6)
  A hound (D:4)
  6 orc wizards
  A centaur skeleton (D:4)
  An orc priest (D:4)
  A jelly (D:6)
  A giant frog skeleton (D:3)
  Terence (D:3)
  Ijyb (D:2)
  Natasha (thrice) (D:4)
  2 worker ants (D:4)
  Robin (D:3)
  7 gnolls
  9 adders
  An ooze (D:4)
  An adder skeleton (D:6)
  An adder zombie (D:5)
  3 worms
  A dart slug (D:4)
  2 giant geckos
  17 orcs
  6 giant cockroaches
  11 goblins
  8 hobgoblins
  A jackal (D:5)
  A quokka (D:2)
  2 ball pythons
  6 bats
  4 giant newts
  7 kobolds
  A quokka skeleton (D:4)
  12 rats
124 creatures vanquished.

Notes
Turn   | Place    | Note
--------------------------------------------------------------
     0 | D:1      | Heedrag the Deep Elf Conjurer began the quest for the Orb.
     0 | D:1      | Reached XP level 1. HP: 10/10 MP: 6/6
   371 | D:1      | Reached XP level 2. HP: 15/15 MP: 8/8
   660 | D:2      | Reached skill level 5 in Conjurations
   660 | D:2      | Reached XP level 3. HP: 13/19 MP: 6/10
   665 | D:2      | Learned a level 3 spell: Dazzling Spray
   692 | D:2      | Found a blossoming altar of Fedhas.
   775 | D:2      | Noticed Ijyb
   791 | D:2      | Killed Ijyb
   979 | D:2      | Found a faded altar to an unknown god.
   987 | D:2      | Reached XP level 4. HP: 19/24 MP: 6/12
  1215 | D:2      | Noticed an angel
  1216 | D:2      | Found a shimmering altar of Xom.
  1216 | D:2      | Found a glowing silver altar of Zin.
  1370 | D:3      | Reached skill level 6 in Conjurations
  1381 | D:3      | Noticed Terence
  1402 | D:3      | Learned a level 4 spell: Iskenderun's Mystic Blast
  1443 | D:3      | Noticed Robin
  1477 | D:3      | Reached XP level 5. HP: 28/28 MP: 12/14
  1549 | D:3      | Killed Robin
  1549 | D:3      | Reached skill level 5 in Spellcasting
  1637 | D:3      | Learned a level 5 spell: Iskenderun's Battlesphere
  1690 | D:3      | Found a white marble altar of Elyvilon.
  1748 | D:3      | Found a basalt altar of Yredelemnul.
  2084 | D:3      | Reached skill level 1 in Charms
  2589 | D:3      | Reached XP level 6. HP: 32/32 MP: 9/16
  2908 | D:3      | Killed Terence
  2979 | D:4      | Noticed Pikel
  2979 | D:4      | Noticed a slave
  3099 | D:4      | Found a staircase to the Ecumenical Temple.
  3099 | D:4      | Noticed Natasha
  3109 | D:4      | Killed Natasha
  3109 | D:4      | Reached skill level 7 in Conjurations
  3253 | D:4      | Noticed Natasha
  3257 | D:4      | Killed Natasha
  3446 | Temple   | Entered the Ecumenical Temple
  3596 | D:4      | Reached XP level 7. HP: 18/36 MP: 0/18
  3923 | D:4      | Noticed Natasha
  3926 | D:4      | Killed Natasha
  3999 | D:5      | Entered Level 5 of the Dungeon
  4138 | D:5      | Noticed Blork the orc
  4438 | D:6      | Reached skill level 8 in Conjurations
  4443 | D:6      | Gained mutation: You are weak. (Str -2) [mutagenic meat]
  4444 | D:6      | Gained mutation: Your natural rate of healing is unusually fast. [mutagenic meat]
  4445 | D:6      | Gained mutation: Scrolls take you a little longer to read. [mutagenic meat]
  4767 | D:6      | Slain by a sky beast

Skill      XL: |  1  2  3  4  5  6  7 |
---------------+----------------------+-----
Conjurations   | 5 6 7 8 |  8.4
Spellcasting   | 4 5 6 |  6.8
Charms         | 1 3 4 |  4.8
Dodging        | |  2.4
Stealth        | |  2.4

Action                   |  1- 3 |  4- 6 |  7- 9 || total
-------------------------+-------+-------+-------++-------
Melee: Mace              |    26 |     5 |       ||    31
       Dagger            |       |    17 |    21 ||    38
 Cast: Magic Dart        |    57 |   176 |    75 ||   308
       Dazzling Spray    |       |     2 |     1 ||     3
       Iskenderun's Batt |       |       |     5 ||     5
  Use: Scroll            |       |       |     2 ||     2
  Eat: Chunk             |       |     8 |     8 ||    16
Armor: Robe              |     2 |     8 |    10 ||    20
Dodge: Dodged            |    27 |    41 |    26 ||    94
